 Dungeon Crawl Stone Soup version 0.28.0-53-g5a82cb258f (webtiles) character file.

Game seed: 12086135894923885368

143 Zeld the Skirmisher (level 5, -4/43 HPs)
             Began as a Formicid Fighter on May 21, 2022.
             Slain by an ogre
             ... wielding a +0 giant club
              (11 damage)
             ... on level 4 of the Dungeon.
             The game lasted 00:02:03 (3409 turns).

Zeld the Skirmisher (Formicid Fighter)              Turns: 3409, Time: 00:02:03

Health: -4/43      AC: 13    Str: 23    XL:     5   Next: 50%
Magic:  5/5        EV:  8    Int:  7    God:
Gold:   206        SH:  4    Dex: 10    Spells: 4/4 levels left

rFire   . . .      SeeInvis +   a - +0 long sword
rCold   . . .      Faith    .   c - +0 buckler
rNeg    . . .      Spirit   .   n - +4 chain mail of Past Mistakes {Will+}
rPois   .          Reflect  .   (helmet unavailable)
rElec   .          Harm     .   (no cloak)
rCorr   .          Rampage  .   (no gloves)
Will    +....                   (no boots)
Stlth   ..........              (no amulet)
HPRegen 0.14/turn               (no ring)
MPRegen 0.09/turn               (no ring)

@: no status effects
A: permanent stasis, dig shafts and tunnels, antennae 3, four strong arms
a: Dig, Shaft Self


You were on level 4 of the Dungeon.
You visited 1 branch of the dungeon, and saw 4 of its levels.

You collected 206 gold pieces.

Inventory:

Hand Weapons
 a - a +0 long sword (weapon)
Armour
 c - a +0 buckler (worn)
 n - the +4 chain mail of Past Mistakes (worn) {Will+}
   (You found it on level 2 of the Dungeon)

   Will:      It increases your willpower.
Wands
 k - a wand of mindburst (13)
Scrolls
 b - a scroll of noise {unknown}
 e - 3 scrolls of amnesia {unknown}
 f - a scroll of brand weapon {unknown}
 g - 3 scrolls of teleportation {unknown}
 h - a scroll of fear {unknown}
 i - a scroll of holy word {unknown}
 l - 3 scrolls of immolation {unknown}
 m - a scroll of identify {unknown}
Potions
 d - 2 potions of might
 j - a potion of invisibility {unknown}


   Skills:
 * Level 4.4 Fighting
 * Level 3.3 Long Blades
 + Level 3.7 Armour
 + Level 1.3 Dodging
 + Level 4.2 Shields


You had 4 spell levels left.
You didn't know any spells.
Your spell library was empty.

Dungeon Overview and Level Annotations

Branches:
Dungeon (4/15)
 Temple: D:4-7

Altars:


Innate Abilities, Weirdness & Mutations

You cannot be hasted, slowed, berserked, paralysed or teleported.
You can dig through walls and to a lower floor.
You have a pair of large antennae on your head. (SInv)
Your four strong arms can wield two-handed weapons with a shield.


Message History

No target in view!
Done exploring.
There is an open door here.
There is a stone staircase leading down here.
You climb downwards.
Found 17 arrows.
There is a stone staircase leading up here.
No target in view!
Key pressed, stopping explore.
Found an escape hatch in the ceiling.
No target in view!
A ball python comes into view.
There is an escape hatch in the ceiling here.
A ball python is nearby!
The ball python bites you. The ball python grabs you.
The ball python constricts you.
A ball python is nearby!
You closely miss the ball python. The ball python barely misses you.
The ball python constricts you.
You completely miss the ball python.
The ball python bites you but does no damage.
The ball python constricts you.
The ball python bites you but does no damage.
The ball python constricts you.
A ball python is nearby!
You slash the ball python!
You kill the ball python!
An ogre comes into view. It is wielding a +0 giant club.
The ogre shouts!
An ogre is nearby!
The ogre hits you with a +0 giant club!
An ogre is nearby!
You hit the ogre but do no damage.
The ogre hits you with a +0 giant club!!
Ouch! That really hurt!
* * * LOW HITPOINT WARNING * * *
You are too injured to fight recklessly!
There is an escape hatch in the ceiling here.
The ogre hits you with a +0 giant club!
You die...

#....#
##.........
#.......#
##..##....
....##..# #.##
..# .... #..#
##.# ... .#..
#.## # .... #.#
.# ..... ##.# .#
..... #O.# ##.#
#.....#@###
##.##
#........###...#
###...........#
##...###....#
#.### ##...# ##
#. ##..# . .#
##.# . .... #.##
.# ......##
##.##.#


You could see an ogre.

Vanquished Creatures
  A scorpion (D:3)
  2 adders (D:2)
  2 worms (D:2)
  A dart slug (D:2)
  An orc (D:3)
  2 endoplasms
  3 giant cockroaches
  11 goblins
  A hobgoblin (D:1)
  6 jackals
  4 kobolds (D:1)
  2 quokkas (D:2)
  8 ball pythons
  3 bats
  3 frilled lizards
  3 rats
53 creatures vanquished.

Vanquished Creatures (others)
  4 toadstools (D:1)
4 creatures vanquished.

Grand Total: 57 creatures vanquished

Notes
Turn   | Place    | Note
-------+----------+-------------------------------------------
     0 | D:1      | Zeld the Formicid Fighter began the quest for the Orb.
     0 | D:1      | Reached XP level 1. HP: 18/18 MP: 1/1
   210 | D:1      | Reached XP level 2. HP: 24/24 MP: 2/2
   594 | D:1      | Found a faded altar of an unknown god.
   801 | D:1      | Reached XP level 3. HP: 30/30 MP: 3/3
  1337 | D:2      | Reached XP level 4. HP: 26/37 MP: 4/4
  1500 | D:2      | Identified the +4 chain mail of Past Mistakes {Will+}
  1707 | D:2      | Reached skill level 1 in Dodging
  2124 | D:3      | Noticed a scorpion
  2141 | D:3      | Killed a scorpion
  2142 | D:3      | Reached XP level 5. HP: 18/43 MP: 5/5
  2150 | D:3      | HP: 2/43 [poisoned by a scorpion]
  3392 | D:4      | Noticed an ogre
  3409 | D:4      | Slain by an ogre

Illustrated notes

Levels and vault maps discovered:
D:1:      ldierk_water_garden, layout_loops_ring,
          dilly_ecumenical_altar_fadedgnrine
D:2:      layout_basic, chequers_jeans, minmay_pentomino_r4
D:3:      layout_basic
D:4:      layout_layer_cave, fedhas_altar_1, hangedman_abyss_or_decor_passed,
          st_stairs_1

Skill      XL: |  1  2  3  4 |
---------------+-------------+-----
Shields        | 4 |  4.2
Fighting       | 4 |  4.4
Dodging        | 1 |  1.3
Long Blades    | 3 |  3.3
Armour         | |  3.7

Action                   |  1- 3 |  4- 6 || total
-------------------------+-------+-------++-------
Melee: Long sword        |    98 |    58 ||   156
Armor: Scale mail        |    32 |     1 ||    33
       Chain mail        |       |    34 ||    34
Dodge: Dodged            |    47 |    16 ||    63
Block: Buckler           |    19 |    10 ||    29
